 Dungeon Crawl Stone Soup version 0.15.0-12-gccce430 (webtiles) character file.

82 Kex the Ducker (level 4, 0/21 HPs)
             Began as a Spriggan Conjurer on Sept 1, 2014.
             Killed from afar by Sigmund (5 damage)
             ... with a magic dart
             ... on Level 2 of the Dungeon.
             The game lasted 00:16:29 (1970 turns).

Kex the Ducker (Spriggan Conjurer)                  Turns: 1970, Time: 00:16:29

HP   0/21        AC  2     Str  4      XL: 4   Next: 21%
MP   6/14        EV 19     Int 17      God:
Gold 41          SH  0     Dex 16      Spells:  3 memorised,  4 levels left

rFire  . . .     SeeInvis +     j - +1 dagger (venom)
rCold  . . .     Clarity  .     h - +0 robe
rNeg   . . .     rCorr    .     (shield restricted)
rPois  .         rRot     .     (helmet restricted)
rElec  .         Spirit   .     (no cloak)
SustAb .         Warding  .     (gloves unavailable)
rMut   .         Stasis   .     (boots unavailable)
Gourm  .                        (no amulet)
MR     .....                    (no ring)
                                f - ring of regeneration

@: very quick, not resistant to hostile enchantments, fairly stealthy
A: unfitting armour, see invisible, herbivore 3, speed 3, slow metabolism 2
a: no special abilities


You were on level 2 of the Dungeon.
You were not hungry.

You visited 1 branch of the dungeon, and saw 2 of its levels.

You collected 41 gold pieces.

Inventory:

Hand weapons
 j - a +1 dagger of venom (weapon)
Armour
 h - a +0 robe (worn)
Comestibles
 m - 2 fruits
Scrolls
 k - a scroll of identify {unknown}
Jewellery
 f - a ring of regeneration (left hand)
Potions
 a - a potion of heal wounds {unknown}
 b - a potion of porridge
 d - a potion of lignification {unknown}
 e - a potion of agility
 g - 4 potions of brilliance
 i - a potion of might {unknown}
 l - a potion of degeneration {unknown}
 n - a potion of curing
 o - a potion of flight
Books
 c - a book of Conjurations

   Spells                             Type                      Level
   *Magic Dart                        Conjuration                  1
   *Searing Ray                       Conjuration                  2
   *Dazzling Spray                    Conjuration/Hexes            3
   Fulminant Prism                    Conjuration/Hexes            4
   Iskenderun's Mystic Blast          Conjuration                  4
   Iskenderun's Battlesphere          Conjuration/Charms           5


   Skills:
 + Level 0.1 Fighting
 + Level 4.0 Dodging
 + Level 3.3 Stealth
 + Level 0.1 Unarmed Combat
 + Level 3.6 Spellcasting
 + Level 3.5 Conjurations


You had 4 spell levels left.
You knew the following spells:

 Your Spells              Type           Power        Failure   Level  Hunger
a - Magic Dart            Conj           ###.         4%          1    None
b - Searing Ray           Conj           ###...       10%         2    ##.....
c - Dazzling Spray        Conj/Hex       #.......     24%         3    ###....


Dungeon Overview and Level Annotations

Branches:
Dungeon (2/15)

Altars:
Qazlal

Annotations:
D:2 Sigmund


Innate Abilities, Weirdness & Mutations

You are tiny and cannot use many weapons and most armour.
You have supernaturally acute eyesight.
You are a herbivore.
You cover ground extremely quickly.
You need consume almost no food.


Message History

You are confused.
You're too confused to cast spells.
Ouch!
Sigmund says, "Now you see me, now you don't..."
Sigmund casts a spell at you.
You easily resist.
You're too confused to cast spells.
Ouch! Sigmund closely misses you.
Ouch! You feel less confused.
Sigmund hits you from afar with a glowing scythe.
Sigmund freezes you. Sigmund gestures at you while chanting.
The puff of flame hits you!
Ouch! That really hurt!
* * * LOW HITPOINT WARNING * * *
You see here a short sword.
Sigmund points at you and mumbles some strange words.
The magic dart hits you!
You die...

#.##...#####..#.##.#
#.##
#.......%.....#....#
#.#
####...####.#####..#
#.# ##.## #.>.#...##
#.# #.# ###.#.###
##.## #.####
#...#####...# #....#
#............ ####.#
##.####.#...#
#@######## #.##.##
#.)......# #.##.##
########@# #.##.>.
#.# #.##.## #@#
#.#..## #.# #.#.#..
#####.###.#.#.#
#@....#...#.#.#
#.###.#.#.#<#.#


You could see Sigmund (invisible).

Vanquished Creatures
  3 adders (D:2)
  3 giant geckos
  2 bats (D:1)
  6 hobgoblins
  8 jackals
  5 kobolds
  12 giant newts (D:1)
  2 goblins
  13 rats
54 creatures vanquished.

Notes
Turn   | Place    | Note
--------------------------------------------------------------
     0 | D:1      | Kex, the Spriggan Conjurer, began the quest for the Orb.
     0 | D:1      | Reached XP level 1. HP: 9/9 MP: 4/4
   185 | D:1      | Reached XP level 2. HP: 4/13 MP: 0/7
  1248 | D:1      | Reached XP level 3. HP: 16/16 MP: 2/9
  1252 | D:1      | Learned a level 2 spell: Searing Ray
  1256 | D:1      | Learned a level 3 spell: Dazzling Spray
  1717 | D:2      | Found a stormy altar of Qazlal.
  1841 | D:2      | Reached XP level 4. HP: 21/21 MP: 0/14
  1858 | D:2      | Reached skill level 4 in Dodging
  1945 | D:2      | Noticed Sigmund
  1970 | D:2      | Killed from afar by Sigmund

Action                   |  1- 3 |  4- 6 || total
-------------------------+-------+-------++-------
Melee: Dagger            |    75 |    12 ||    87
       Unarmed           |     3 |       ||     3
 Cast: Magic Dart        |    62 |     3 ||    65
       Searing Ray       |     3 |     1 ||     4
  Use: Potion            |     5 |       ||     5
       Scroll            |     2 |       ||     2
 Stab: Sleeping          |     2 |     2 ||     4
